Map: Acropolis LE

Players

Dislexic

  • Race: Zerg Zerg
  • League: Master
  • Spawn Location: 5:00

Mez - Winner!

  • Race: Terran Terran
  • League: Master
  • Spawn Location: 11:00

VOD

Have the link to the VOD?

Description

Time

  • Played on: July 28, 2019, 7:52 p.m.
  • Length: 11:22
Show
View Real Time Build Order
Export as new Build Order

Dislexic Zerg 

Build Orders: Hatch First 

Get SALT Encoding   

  12  0:00  Drone  
  13  0:12  Overlord  
  13  0:16  Drone  
  14  0:32  Drone x2  
  14  0:34  Drone  
  17  0:52  Hatchery  
  17  0:55  Drone  
  17  1:00  Drone  
  18  1:09  Extractor  
  17  1:15  Drone, Spawning Pool  
  17  1:18  Drone  
  18  1:28  Drone  
  19  1:39  Drone  
  20  1:49  Drone  
  21  2:03  Zergling x2  
  21  2:04  Zergling x2, Queen x2  
  27  2:17  Overlord  
  27  2:18  Hatchery  
  26  2:33  Drone x2  
  27  2:38  Zergling x2  
  27  2:39  Drone x2  
  30  2:44  Queen  
  30  2:47  Drone  
  30  2:48  Drone  
  30  2:50  Metabolic Boost  
  34  2:55  Drone  
  35  3:00  Overlord  
  34  3:08  Drone  
  34  3:11  Overlord  
  35  3:18  Overlord  
  35  3:20  Drone  
  35  3:21  Drone x4  
  35  3:24  Drone  
  41  3:29  Extractor  
  41  3:32  Drone x2  
  42  3:40  Drone, Queen  
  42  3:41  Drone  
  46  3:48  Drone  
  46  3:49  Drone x4  
  46  3:54  Drone  
  52  3:59  Lair  
  52  4:01  Extractor  
  51  4:06  Drone  
  51  4:09  Drone x2  
  55  4:10  Drone  
  55  4:11  Extractor  
  54  4:18  Overlord  
  54  4:19  Overlord  
  54  4:32  Overlord, Hatchery, Baneling Nest  
  54  4:33  Zergling x10  
  57  4:39  Drone, Baneling Nest  
  57  4:40  Drone  
  57  4:42  Drone  
  59  4:47  Spine Crawler  
  58  4:57  Drone x2  
  58  4:59  Evolution Chamber  
  59  5:02  Evolution Chamber  
  53  5:10  Zergling x10  
  57  5:18  Zergling x8  
  57  5:22  Drone x5  
  57  5:23  Drone  
  63  5:34  Baneling x2  
  60  5:38  Baneling x2  
  60  5:40  Drone  
  60  5:41  Drone x3  
  64  5:43  Zerg Melee Weapons Level 1  
  64  5:45  Zerg Ground Armor Level 1, Centrifical Hooks  
  64  5:50  Drone x2  
  64  5:52  Drone x2  
  68  6:11  Zergling x12  
  74  6:13  Hatchery  
  74  6:16  Zergling x4  
  74  6:17  Baneling  
  74  6:18  Baneling x3  
  74  6:28  Drone  
  74  6:29  Spore Crawler  
  74  6:30  Spore Crawler  
  74  6:31  Drone x3  
  76  6:33  Drone x5  
  76  6:37  Overlord  
  76  6:38  Overlord  
  81  6:44  Overlord x2  
  81  6:45  Overseer  
  81  6:47  Baneling x3  
  81  6:59  Baneling x3  
  80  7:02  Zergling x12  
  80  7:03  Zergling x14  
  93  7:13  Baneling x3  
  93  7:20  Zergling x8  
  93  7:21  Zergling x6  
  88  7:23  Baneling  
  77  7:32  Zergling x2, Baneling x4  
  77  7:33  Zergling x12  
  79  7:39  Zergling x12  
  79  7:43  Zergling x2  
  81  7:45  Zerg Melee Weapons Level 2  
  81  7:46  Zerg Ground Armor Level 2  
  75  7:52  Baneling x2  
  75  7:53  Zergling x14  
  75  7:57  Baneling  
  75  7:58  Baneling x6  
  82  8:04  Drone x5  
  87  8:09  Infestation Pit  
  87  8:11  Queen  
  87  8:21  Drone  
  88  8:28  Spore Crawler  
  88  8:32  Spore Crawler  
  85  8:39  Zergling x2  
  85  8:40  Zergling x26  
  99  8:42  Overseer  
  99  8:48  Baneling  
  99  8:49  Baneling  
  95  8:56  Zergling x16  
  95  9:00  Pathogen Glands  
  95  9:07  Zergling x6  
  95  9:09  Baneling x3  
  95  9:10  Baneling x2  
  95  9:13  Zergling x10, Hatchery  
  99  9:20  Zergling x8  
  98  9:26  Drone x2  
  88  9:37  Zergling x2  
  88  9:38  Zergling x16  
  92  9:45  Zergling x6  
  94  9:58  Zergling x2  
  95  10:00  Overlord x6  
  95  10:06  Hatchery, Hive  
  94  10:10  Overlord x2  
  94  10:13  Zergling x2  
  95  10:16  Baneling x11  
  95  10:17  Queen x2  
  88  10:36  Zergling x2  
  88  10:37  Zergling x28  
  95  10:46  Zergling x10  
  98  10:50  Zergling x10  
  101  10:58  Zergling x2, Baneling x3  
  101  10:59  Zergling x4  
  90  11:11  Hatchery  
Show
View Real Time Build Order
Export as new Build Order

Mez Terran - Winner!

Build Orders: Reaper Expand 

Get SALT Encoding   

  12  0:01  SCV  
  13  0:13  SCV  
  14  0:18  Supply Depot  
  14  0:25  SCV  
  15  0:39  SCV  
  15  0:41  Barracks  
  16  0:45  Refinery  
  16  0:52  SCV  
  17  1:04  SCV  
  18  1:16  SCV  
  19  1:29  Reaper, Orbital Command  
  20  1:40  Command Center  
  20  1:51  Barracks  
  20  1:55  SCV  
  21  2:01  Barracks Reactor  
  21  2:07  Barracks  
  21  2:11  SCV  
  22  2:17  Supply Depot  
  22  2:23  SCV  
  23  2:39  Marine  
  23  2:40  Marine, Barracks Tech Lab  
  25  2:45  SCV  
  26  2:56  Orbital Command  
  26  2:57  Marine x2  
  26  2:58  Marine  
  29  3:08  Marine  
  29  3:09  Combat Shield  
  29  3:11  SCV  
  31  3:15  Marine x2  
  33  3:23  SCV, Marine  
  33  3:26  Marine  
  36  3:28  SCV  
  36  3:32  Supply Depot  
  36  3:33  Marine  
  38  3:36  SCV  
  38  3:37  Marine  
  38  3:41  Marine  
  40  3:43  Engineering Bay  
  41  3:51  Engineering Bay  
  41  3:56  Marine x3  
  41  3:57  SCV x2  
  41  4:01  Supply Depot  
  46  4:09  SCV x2  
  48  4:11  Marine  
  48  4:14  Marine x2  
  51  4:19  Terran Infantry Weapons Level 1, Supply Depot  
  51  4:22  SCV x2  
  53  4:34  Marine x4  
  53  4:35  Command Center  
  53  4:36  Stimpack  
  57  4:41  SCV x2  
  57  4:44  Supply Depot  
  59  4:52  Marine x2  
  61  4:53  SCV x2  
  62  5:11  Marine  
  62  5:12  Marine x3  
  62  5:13  SCV x2  
  68  5:16  Refinery  
  68  5:17  Barracks x2  
  68  5:18  Refinery  
  68  5:20  Factory  
  67  5:25  SCV x2  
  69  5:29  Marine x3  
  69  5:32  Marine  
  72  5:37  SCV x2  
  74  5:47  Marine x2  
  74  5:48  Orbital Command  
  74  5:49  SCV x2  
  79  5:50  Marine, Supply Depot  
  80  6:01  SCV x2  
  80  6:02  Barracks Reactor  
  81  6:05  Marine x2  
  81  6:08  Marine  
  81  6:10  Barracks Reactor x2  
  83  6:12  Starport, Factory Reactor  
  83  6:13  SCV  
  83  6:15  Orbital Command  
  84  6:18  Terran Infantry Armor Level 1  
  84  6:26  Marine  
  84  6:31  SCV x2  
  87  6:38  Marine x2  
  87  6:39  Marine  
  90  6:40  Marine  
  90  6:43  SCV  
  90  6:44  SCV x2  
  90  6:46  Marine x2  
  90  6:47  Marine x3, Supply Depot  
  96  6:48  Supply Depot  
  96  6:50  Supply Depot  
  99  6:55  SCV  
  99  6:56  SCV, Command Center  
  101  7:09  SCV x3, Marine x6, Medivac x2  
  114  7:21  SCV  
  114  7:22  Marine  
  103  7:23  Marine x2  
  103  7:27  Marine x5  
  100  7:38  Marine  
  100  7:39  Medivac x2  
  100  7:40  Marine x2  
  100  7:42  Marine  
  99  7:44  Marine  
  99  7:45  Marine x4  
  99  7:47  Barracks  
  99  7:49  Barracks  
  99  7:50  Armory, Barracks x2  
  94  7:55  Engineering Bay  
  94  7:56  Refinery  
  94  8:00  SCV x3, Supply Depot  
  97  8:06  Marine  
  97  8:07  Marine x8  
  97  8:11  Supply Depot  
  97  8:12  SCV x3  
  109  8:16  Refinery  
  109  8:24  SCV x3, Marine x3  
  109  8:25  Marine  
  116  8:32  Medivac  
  116  8:33  Medivac  
  120  8:40  Marine x2, Barracks Tech Lab x2  
  120  8:41  Planetary Fortress, Barracks Tech Lab  
  122  8:49  Marine  
  122  8:50  Marine x6  
  129  8:58  Marine x2  
  127  9:04  Marine x3  
  127  9:07  Marine x3  
  127  9:08  Marine x3, Medivac x2  
  139  9:13  SCV x3  
  142  9:25  SCV  
  142  9:29  Marine x9  
  141  9:34  Marine  
  141  9:35  Marine x2  
  143  9:41  Medivac x2  
  143  9:42  Concussive Shells  
  147  9:47  Marine x7  
  153  9:59  Marine x3  
  154  10:05  Supply Depot  
  154  10:06  Supply Depot  
  156  10:07  Marine x2, Supply Depot  
  156  10:12  Barracks  
  156  10:13  Barracks x2  
  158  10:15  Command Center x2, Barracks  
  158  10:18  Marauder x2  
  162  10:25  Marauder  
  162  10:27  Marine x8, Marauder  
  155  10:39  Marine x2  
  142  10:45  Marine x7  
  142  10:46  Marine  
  142  10:47  Marauder  
  142  10:49  Marauder  
  154  10:57  Marine, Marauder  
  154  11:02  Marine  
  154  11:03  Marine x2  
Tags
 
Add a new tag
Caveats
  • Supply blocks, unpowered buildings, or Contaminate may cause inaccurate times.
  • Supply counts are checked every 10 seconds.